 Dungeon Crawl Stone Soup version 0.15.2 (webtiles) character file.

134 Huymann the Sneak (level 5, -2/44 HPs)
             Began as a Naga Enchanter on Mar 29, 2015.
             Killed from afar by an orc wizard (5 damage)
             ... with a puff of frost
             ... on Level 4 of the Dungeon.
             The game lasted 00:19:03 (3101 turns).

Huymann the Sneak (Naga Enchanter)                  Turns: 3101, Time: 00:19:04

HP  -2/44        AC  4     Str 10      XL: 5   Next: 17%
MP   2/10        EV 10     Int 16      God:
Gold 184         SH  0     Dex 12      Spells:  2 memorised,  5 levels left

rFire  . . .     SeeInvis +     m - +3 dagger (venom)
rCold  . . .     Clarity  .     b - +1 robe
rNeg   + . .     rCorr    .     (no shield)
rPois  +         rRot     .     (no helmet)
rElec  .         Spirit   .     (no cloak)
SustAb .         Warding  .     r - +0 pair of gloves
rMut   .         Stasis   .     (no barding)
Gourm  .                        (no amulet)
MR     .....                    (no ring)
                                f - ring of positive energy

@: very slightly contaminated, very slow, not resistant to hostile enchantments,
fairly stealthy
A: spit poison, see invisible, deformed body, poison resistance, slowness 2, AC
+1
a: Spit Poison


You were on level 4 of the Dungeon.
You were hungry.

You visited 1 branch of the dungeon, and saw 4 of its levels.

You collected 184 gold pieces.

Inventory:

Hand weapons
 a - a +1 dagger
 m - a +3 dagger of venom (weapon)
Missiles
 i - 16 stones (quivered)
 y - 36 arrows
Armour
 b - a +1 robe (worn)
 g - a +0 robe
 r - a +0 pair of gloves (worn)
Magical devices
 l - a wand of digging (14)
Comestibles
 d - 2 bread rations
 n - 3 meat rations
 p - 3 fruits
 q - a rotting chunk of hobgoblin flesh
Scrolls
 s - 2 scrolls of identify
Jewellery
 f - a ring of positive energy (left hand)
Potions
 e - 3 potions of curing {unknown}
 h - a potion of might {unknown}
 j - a potion of heal wounds {unknown}
 o - a potion of magic {unknown}
Books
 c - a book of Maledictions

   Spells                             Type                      Level
   *Corona                            Hexes                        1
   Sure Blade                         Hexes/Charms                 2
   Ensorcelled Hibernation            Hexes/Ice                    2
   *Confuse                           Hexes                        3
   Dazzling Spray                     Conjuration/Hexes            3
   Enslavement                        Hexes                        4
Magical staves
 u - an uncursed staff of power


   Skills:
 * Level 1.5 Fighting
 * Level 1.7 Short Blades
 + Level 1.9 Dodging
 * Level 6.1 Stealth
 * Level 2.9 Spellcasting
 * Level 3.2 Hexes


You had 5 spell levels left.
You knew the following spells:

 Your Spells              Type           Power        Failure   Level  Hunger
a - Corona                Hex            ##.....      8%          1    #......
b - Confuse               Hex            ##......     17%         3    ###....


Dungeon Overview and Level Annotations

Branches:
Dungeon (4/15)
 Temple: D:4-7

Altars:


Innate Abilities, Weirdness & Mutations

You cannot wear boots.
You can spit poison.
Your serpentine skin is tough (AC +1).
You have supernaturally acute eyesight.
Armour fits poorly on your strangely shaped body.
Your system is resistant to poisons.
You cover ground very slowly.


Message History

Confirm with . or Enter, or press ? or * to list all spells.
You don't have enough magic to cast that spell.
Unknown command.
The orc wizard gestures at you while chanting.
The magic dart hits you!
* * * LOW HITPOINT WARNING * * *
As you read the scroll labeled JOOXADDOVOP, it crumbles to dust.
The creatures around you are filled with an inner flame!
It was a scroll of immolation.
The orc wizard gestures at you while chanting.
The puff of frost hits you!
* * * LOW HITPOINT WARNING * * *
As you read the scroll labeled PLUEBILUPN, it crumbles to dust.
Forget which spell ([?*] list [ESC] exit)?
Forget which spell ([?*] list [ESC] exit)?
Okay, then.
It was a scroll of amnesia.
The orc wizard casts a spell at you. The puff of frost hits you!
You die...

..# ..# ... ...
#.# #.# #.# #..
#.# #...... #@#
#....... #.#
#........
#o####
.........
#....#
.........
####o#
#...w.... #.#
##......Zo.
#o###.<.o.o....
#.o.oo##..?o#.#
####### .....


You could see an orc wizard (inner flame).

Vanquished Creatures
  A killer bee zombie (D:3)
  3 adders
  2 worms (D:2)
  5 giant geckos
  6 ball pythons
  6 bats
  3 giant cockroaches
  5 goblins
  7 hobgoblins
  6 jackals
  7 kobolds
  A quokka (D:3)
  6 giant newts
  9 rats
67 creatures vanquished.

Notes
Turn   | Place    | Note
--------------------------------------------------------------
     0 | D:1      | Huymann, the Naga Enchanter, began the quest for the Orb.
     0 | D:1      | Reached XP level 1. HP: 15/15 MP: 3/3
   302 | D:1      | Reached XP level 2. HP: 22/22 MP: 4/4
   942 | D:1      | Reached XP level 3. HP: 30/30 MP: 4/6
  1397 | D:2      | Reached skill level 5 in Stealth
  1579 | D:2      | Reached skill level 1 in Fighting
  1645 | D:2      | Reached XP level 4. HP: 29/38 MP: 8/8
  2075 | D:3      | Learned a level 3 spell: Confuse
  2456 | D:3      | Reached skill level 6 in Stealth
  2499 | D:3      | Reached XP level 5. HP: 44/44 MP: 10/10
  3096 | D:4      | HP: 2/44 [orc wizard/puff of frost (7)]
  3101 | D:4      | Killed from afar by an orc wizard

Action                   |  1- 3 |  4- 6 || total
-------------------------+-------+-------++-------
Melee: Dagger            |    89 |    83 ||   172
 Cast: Corona            |    16 |     3 ||    19
       Confuse           |       |     3 ||     3
Evoke: Wand              |     1 |       ||     1
  Use: Scroll            |     4 |     4 ||     8
 Stab: Sleeping          |    10 |     4 ||    14
       Distracted        |       |     1 ||     1
       Confused          |       |     1 ||     1
  Eat: Chunk             |     3 |     4 ||     7
